 Dungeon Crawl Stone Soup version 0.18.1-48-g4cf74bf (webtiles) character file.

478 glosham the Covert (level 6, -2/32 HPs)
             Began as a Spriggan Abyssal Knight on Sept 1, 2016.
             Was a Follower of Lugonu.
             Killed from afar by a starcursed mass (6 damage)
             ... with an accursed screaming
             ... on level 2 of the Abyss.
             The game lasted 00:08:31 (326 turns).

glosham the Covert (Spriggan Abyssal Knight)         Turns: 326, Time: 00:08:33

Health: -2/32      AC:  2    Str:  8    XL:     6   Next: 85%
Magic:  8/8        EV: 18    Int: 15    God:    Lugonu [*.....]
Gold:   119        SH:  0    Dex: 16    Spells: 0 memorised, 5 levels left

rFire  . . .     SeeInvis +     a - +0 scimitar
rCold  . . .     Gourm    .     X - +0 robe
rNeg   . . .     Faith    .     (shield currently unavailable)
rPois  .         Spirit   .     (helmet restricted)
rElec  .         Dismiss  .     (no cloak)
rCorr  .         Reflect  .     (gloves unavailable)
SustAt .         Harm     .     (boots unavailable)
MR     +....                    (no amulet)
Stlth  +++++.....               (no ring)
                                (no ring)

@: very quick, somewhat resistant to hostile enchantments, quite stealthy
A: unfitting armour, see invisible, herbivore 3, speed 3, slow metabolism 2
a: Depart the Abyss, Renounce Religion


You were on level 2 of the Abyss.
You worshipped Lugonu.
Lugonu was aware of your devotion.
You were not hungry.

You visited 0 branches of the dungeon, and saw 0 of its levels.
You visited the Abyss 1 time.

You collected 119 gold pieces.

Inventory:

Hand Weapons
 a - a +0 scimitar (weapon)
 b - a +1 short sword
Armour
 X - a +0 robe (worn)
Comestibles
 c - a bread ration


   Skills:
 - Level 2.4 Fighting
 - Level 2.1 Short Blades
 - Level 3.5 Dodging
 * Level 11.0 Stealth
 - Level 1.7 Invocations


You had 5 spell levels left.
You didn't know any spells.

Dungeon Overview and Level Annotations

Branches:
Dungeon (0/15)

Altars:


Innate Abilities, Weirdness & Mutations

You are tiny and cannot use many weapons and most armour.
You have supernaturally acute eyesight.
You are a herbivore.
You cover ground extremely quickly.
You need consume almost no food.


Message History

Adjust to which letter? (? for menu, Esc to quit)
X - a +0 robe (worn)
Adjust (i)tems, (s)pells, or (a)bilities?
Adjust which item? (? for menu, Esc to quit)
e - a plain deck of summoning {drawn: 6} Adjust to which letter? (? for menu, Esc to quit)
d - a plain deck of summoning {drawn: 6} You start resting.
What do you say? t - Shout!
Orders for allies: a - Attack new target. r - Retreat! s - Stop attacking. w - Wait here. f - Follow me.
Anything else - Stay silent.
Gang up on whom?
Press: ? - help, Dir - move target cursor, f - starcursed mass
Aim: a starcursed mass Attack!
Your centaur shoots an arrow.
The arrow hits the starcursed mass!
The starcursed mass shudders and is absorbed by its neighbour.
The arrow disappears in a puff of smoke!
Evoke which item? (* to show all) (? for menu, Esc to quit)
You draw a card...
It is the Pentagram.
The deck of cards disappears without a trace.
What do you say? t - Shout!
Orders for allies: a - Attack new target. r - Retreat! s - Stop attacking. w - Wait here. f - Follow me.
Anything else - Stay silent.
Gang up on whom?
Press: ? - help, Dir - move target cursor, f - starcursed mass
Aim: a starcursed mass (lightly damaged) Attack!
Your centaur shoots an arrow.
The arrow hits the starcursed mass.
The arrow disappears in a puff of smoke!
The starcursed mass shrieks in your mind.
* * * LOW HITPOINT WARNING * * *
You swap places.
Your wyvern disappears in a puff of smoke!
The starcursed mass shrieks in your mind.
You die...

# . #...#
##.. .#
###.# # ## #
# #.#..# .#
# ...#... #
#. #..#.. #
#. .#4#####
#..###c.§X#.
##
#...@>h.##
X..
#...######.
.# ##.. . .
. ##. # . X.
## §. . .#
#. # #..# #
. #.# # #


You could see a starcursed mass, a friendly rust devil, a friendly hell hound
and a friendly centaur.

Vanquished Creatures (collateral kills)
  A starcursed mass (Abyss:2)
  A small abomination (Abyss:2)
  A large abomination (Abyss:2)
  A crimson imp (Abyss:2)
4 creatures vanquished.

Notes
Turn   | Place    | Note
--------------------------------------------------------------
     0 | Abyss:1  | glosham the Spriggan Abyssal Knight began the quest for the Orb.
     0 | Abyss:1  | Reached XP level 1. HP: 11/11 MP: 3/3
    35 | Abyss:2  | Noticed a hell knight
    37 | Abyss:2  | Noticed a hell knight
    97 | Abyss:2  | Noticed a fire crab
   111 | Abyss:2  | Noticed a wretched star
   139 | Abyss:2  | Noticed a thrashing horror
   154 | Abyss:2  | Noticed a quasit
   171 | Abyss:2  | Noticed a small abomination
   217 | Abyss:2  | Noticed an ice beast
   219 | Abyss:2  | Noticed a wretched star
   226 | Abyss:2  | Noticed a raiju
   243 | Abyss:2  | Noticed a guardian serpent
   275 | Abyss:2  | Noticed a crimson imp
   285 | Abyss:2  | Noticed a starcursed mass
   286 | Abyss:2  | Killed a crimson imp
   286 | Abyss:2  | Reached skill level 3 in Stealth
   286 | Abyss:2  | Reached XP level 2. HP: 13/16 MP: 4/4
   294 | Abyss:2  | Noticed a small abomination
   299 | Abyss:2  | Killed a small abomination
   299 | Abyss:2  | Reached skill level 6 in Stealth
   299 | Abyss:2  | Reached XP level 3. HP: 8/19 MP: 5/5
   299 | Abyss:2  | Reached XP level 4. HP: 10/23 MP: 6/6
   316 | Abyss:2  | Killed a starcursed mass
   316 | Abyss:2  | Reached skill level 10 in Stealth
   316 | Abyss:2  | Reached XP level 5. HP: 9/27 MP: 7/7
   316 | Abyss:2  | Reached XP level 6. HP: 10/32 MP: 8/8
   321 | Abyss:2  | Reached skill level 11 in Stealth
   326 | Abyss:2  | Killed from afar by a starcursed mass

Skill      XL: |  1  2  3  4  5  6 |
---------------+-------------------+-----
Stealth        | 3 6 10 11 | 11.0
Fighting       | |  2.4
Short Blades   | |  2.1
Dodging        | |  3.5
Invocations    | |  1.7

Action                   |  1- 3 |  4- 6 || total
-------------------------+-------+-------++-------
Melee: Scimitar          |     2 |       ||     2
Evoke: Deck              |     6 |     1 ||     7
Dodge: Dodged            |     3 |       ||     3

Table legend:
 A = Turns spent in this place as a percentage of turns spent in the entire game.
 B = Non-inter-level travel turns spent in this place as a percentage of non-inter-level travel turns spent in the entire game.
 C = Inter-level travel turns spent in this place as a percentage of turns spent in this place.
 D = Turns resting spent in this place as a percentage of non-inter-level travel turns spent in this place.
 E = Turns spent auto-exploring this place as a percentage of non-inter-level travel turns spent in this place.
 F = Non-inter-level travel turns spent in this place divided by the number of levels of this place that you've seen.
                   A       B       C       D       E      F
               +-------+-------+-------+-------+-------+----------------------
         Total | 100.0 | 100.0 |   0.0 |   0.6 |   0.0 | 173.0
         Abyss | 100.0 | 100.0 |   0.0 |   0.6 |   0.0 | 173.0
               +-------+-------+-------+-------+-------+----------------------

Table legend:
 A = Kills in this place as a percentage of kills in entire the game.
 B = Kills by you in this place as a percentage of kills by you in the entire game.
 C = Kills by friends in this place as a percentage of kills by friends in the entire game.
 D = Other kills in this place as a percentage of other kills in the entire game.
 E = Experience gained in this place as a percentage of experience gained in the entire game.
 F = Experience gained in this place divided by the number of levels of this place that you have seen.
                   A       B       C       D       E      F
               +-------+-------+-------+-------+-------+----------------------
         Total | 100.0 |  -nan | 100.0 |  -nan | 100.0 | 341.5
         Abyss | 100.0 |  -nan | 100.0 |  -nan | 100.0 | 341.5
               +-------+-------+-------+-------+-------+----------------------

Vault maps used:
